 Dungeon Crawl Stone Soup version 0.30.1-11-g7821555f0a (webtiles) character file.

Game seed: 1090983428459124650

10157 Cheops the Jinx (level 11, -4/54 HPs)
             Began as a Deep Elf Conjurer on Dec 21, 2023.
             Was an Initiate of Vehumet.
             Slain by an alligator (9 damage)
             ... on level 1 of the Lair of Beasts.
             The game lasted 01:27:29 (20353 turns).

Cheops the Jinx (Deep Elf Conjurer)                Turns: 20353, Time: 01:27:30

Health: -4/54      AC:  6    Str:  4    XL:     11   Next: 32%
Magic:  0/25       EV: 15    Int: 28    God:    Vehumet [......]
Gold:   160        SH:  0    Dex: 13    Spells: 4/26 levels left

rFire   + + .        b - staff of conjuration {!a}
rCold   . . .        (no shield)
rNeg    . . .        g - +2 robe {Archmagi}
rPois   +            (no helmet)
rElec   .            C - +0 cloak
rCorr   .            (no gloves)
SInv    .            t - +0 pair of boots
Will    +....        (no amulet)
Stlth   ++           m - ring of poison resistance
HPRegen 0.29/turn    u - ring "Win Himp" {Fly rF++}
MPRegen 0.19/turn

%: archmagi
@: about to teleport, flying, very slightly contaminated
A: no striking features
a: Renounce Religion


You were on level 1 of the Lair of Beasts.
You worshipped Vehumet.
Vehumet was noncommittal.
You visited 3 branches of the dungeon, and saw 12 of its levels.
You also visited: Sewer.

You collected 776 gold pieces.
You spent 616 gold pieces at shops.

Inventory:

Hand Weapons
 a - a +0 dagger of venom
 N - the +5 spear of Nudodeci {freeze, rElec rC+}
   (You found it on level 5 of the Dungeon)

   rC:        It protects you from cold.
   rElec:     It insulates you from electricity.
 O - a +2 short sword of venom
 S - a +2 dagger of speed
Armour
 g - a +2 robe of the Archmagi (worn)
 t - a +0 pair of boots (worn)
 A - a +0 troll leather armour
 B - a +2 robe of willpower
 C - a +0 cloak (worn)
 Q - a +1 ring mail of fire resistance
Magical Staves
 b - a staff of conjuration (weapon) {!a}
 c - a staff of cold
 d - a staff of air
Jewellery
 m - a ring of poison resistance (left hand)
 u - the ring "Win Himp" (right hand) {Fly rF++}
   (You found it on level 5 of the Dungeon)

   [ring of flight]

   rF:        It greatly protects you from fire.
   Fly:       It grants you flight.
 L - a ring of ice
 U - a ring of protection from cold
 V - an amulet of guardian spirit
Wands
 s - a wand of flame (72)
 E - a wand of polymorph (7)
 R - a wand of roots (5)
 T - a wand of paralysis (2)
Scrolls
 h - 3 scrolls of enchant armour
 l - 3 scrolls of poison
 o - 3 scrolls of immolation
 q - 4 scrolls of enchant weapon
 w - a scroll of brand weapon
 x - 3 scrolls of fear
 y - 2 scrolls of magic mapping
 z - 2 scrolls of blinking
 D - a scroll of summoning
 I - a scroll of torment
 J - 2 scrolls of vulnerability
 K - a scroll of fog
 P - 7 scrolls of teleportation
Potions
 e - a potion of berserk rage {unknown}
 f - 3 potions of haste {unknown}
 i - 2 potions of brilliance {unknown}
 j - 4 potions of invisibility {unknown}
 k - 3 potions of heal wounds {unknown}
 n - 3 potions of mutation {unknown}
 p - 5 potions of might
 r - a potion of magic
 v - a potion of flight {unknown}
 F - 3 potions of lignification {unknown}
 G - 9 potions of curing {unknown}
 H - 5 potions of degeneration {unknown}
 M - a potion of ambrosia {unknown}


   Skills:
 - Level 3.1 Armour
 - Level 7.0 Dodging
 - Level 2.4 Stealth
 - Level 8.0 Spellcasting
 - Level 8.0 Conjurations
 - Level 10.2 Hexes
 - Level 9.3 Translocations
 + Level 6.0 Fire Magic
 - Level 3.0 Air Magic
 - Level 4.0 Poison Magic
 - Level 4.0 Evocations


You had 4 spell levels left.
You knew the following spells:

 Your Spells              Type           Power      Damage    Failure   Level
a - Magic Dart            Conj           100%       1d8       1%          1
b - Searing Ray           Conj           100%       2d8       1%          2
d - Dazzling Flash        Conj/Hex       100%       N/A       1%          3
f - Fireball              Conj/Fire      42%        3d17      8%          5
i - Iskenderun's Mystic   Conj/Tloc      94%        2d18      1%          4
m - Mephitic Cloud        Conj/Pois/Air  73%        N/A       1%          3
p - Fulminant Prism       Conj/Hex       48%        3d21      1%          4

Your spell library contained the following spells:

 Spells                   Type           Power      Damage    Failure   Level
 Foxfire                  Conj/Fire      100%       2x1d9     1%          1
 Cigotuvi's Dreadful Rot  Necr/Pois/Air  72%        N/A       3%          2
 Ignite Poison            Fire/Tmut/Pois 44%        N/A       3%          3
 Call Imp                 Summ           32%        N/A       8%          2
 Freezing Cloud           Conj/Ice/Air   31%        6-21      30%         5
 Starburst                Conj/Fire      42%        6d12      38%         6
 Plasma Beam              Fire/Air       26%        2x1d42    75%         6


Dungeon Overview and Level Annotations

Branches:
Dungeon (10/15)            Temple (1/1) D:5            Lair (1/5) D:10
    Orc (0/2) D:9           Sewer (visited)

Altars:
Ashenzari
Cheibriados
Dithmenos
Elyvilon
Fedhas
Gozag
Hepliaklqana
Kikubaaqudgha
Makhleb
Nemelex Xobeh
Okawaru
Qazlal
Ru
Sif Muna
Trog
Uskayaw
Vehumet
Wu Jian
Xom
Yredelemnul
Zin
The Shining One

Shops:
D:7 *

Annotations:
Lair:1 1 runed translucent door, Fannar


Message History

Okay, then.
Okay, then.
Casting: Iskenderun's Mystic Blast (dangerous; 1% risk of failure)
Confirm with . or Enter, or press ? or * to list all spells.
Aiming: Searing Ray (safe; 1% risk of failure)
Press: ? - help, Shift-Dir - straight line, f/p - alligator
Aim: an alligator (heavily wounded, covering ground quickly, 85% to hit)
You feel a strong surge of power!
The searing ray misses the alligator. (Press . to maintain the ray.)
The searing ray hits the alligator.
The alligator is severely wounded.
The alligator closely misses you.
The alligator tail-slaps you but does no damage.
The searing ray hits the alligator.
The alligator is severely wounded.
The alligator closely misses you. The alligator tail-slaps you.
Really attack while wielding your staff of conjuration {!a}?
Okay, then.
Aiming: Throw Flame
Press: ? - help, Shift-Dir - straight line, f/p - alligator
Aim: an alligator (severely wounded, covering ground quickly, 75% to hit)
The puff of flame hits the alligator!
The alligator is severely wounded.
The alligator barely misses you. The alligator tail-slaps you.
The alligator barely misses you. The alligator tail-slaps you.
Aiming: Throw Flame
Press: ? - help, Shift-Dir - straight line, f/p - alligator
Aim: an alligator (severely wounded, covering ground quickly, 75% to hit)
The puff of flame hits the alligator.
The alligator is severely wounded.
The alligator bites you!
* * * LOW HITPOINT WARNING * * *
The alligator tail-slaps you!
* * * LOW HITPOINT WARNING * * *
As you read the scroll of teleportation, it crumbles to dust.
You feel strangely unstable. The alligator misses you. x2
The alligator bites you!
* * * LOW HITPOINT WARNING * * *
The alligator tail-slaps you!
You die...

#..##### #. #..# ## #..##
# #...# ≈ ## P..##
######## ≈~ #. #..#
####≈≈≈≈≈≈###≈≈≈ #.
#..#### ##≈≈≈≈≈≈~≈≈≈≈≈≈≈≈
##
..>##.###≈≈≈≈≈≈..≈≈~≈≈≈≈≈
#.
........#≈≈≈....@t.$~≈~≈≈
#.
.......##≈†....##......~~
#.
....#####≈≈..########...≈
#. ....## #≈~...#...# ...
#. .....## #≈≈~......###
.≈ ##
.....P###≈≈≈≈.......## #.
........#.≈≈~.........#
...
.........#.≈~....>.....
....
..########...##....##.#
#...


You could see an alligator (swift).

Vanquished Creatures
  A hydra (Lair:1)
  2 two-headed ogres
  A torpor snail (Lair:1)
  2 cane toads (Lair:1)
  3 kobold demonologists (D:10)
  A rime drake (Lair:1)
  A komodo dragon (D:10)
  A troll (D:10)
  A polar bear (Lair:1)
  A wraith (D:10)
  A wyvern (D:9)
  A steam dragon (D:8)
  An acid dragon (D:9)
  2 wargs (D:9)
  A water moccasin (Lair:1)
  7 orc warriors
  A black bear (D:6)
  3 ice beasts
  2 ogres
  3 centaurs
  2 wolves
  2 phantoms
  6 kobold brigands
  5 bullfrogs
  4 scorpions
  4 wights
  11 killer bees
  2 electric eels (Lair:1)
  8 howler monkeys
  7 orc priests
  2 hounds
  A gnoll bouda (D:6)
  2 jellies
  Ijyb (D:5)
  Natasha (thrice) (D:3)
  6 iguanas
  11 orc wizards
  A mummy (D:7)
  8 gnolls
  4 adders
  An ufetubus (D:5)
  A worm (D:2)
  5 dart slugs
  38 orcs
  5 bats
  14 endoplasms
  10 giant cockroaches
  8 hobgoblins
  6 jackals (D:1)
  25 kobolds
  19 quokkas
  18 ball pythons
  12 frilled lizards
  6 goblins
  5 rats
  2 fulminant prisms (D:10)
301 creatures vanquished.

Vanquished Creatures (others)
  19 fulminant prisms
19 creatures vanquished.

Grand Total: 320 creatures vanquished

Notes
Turn   | Place    | Note
-------+----------+-------------------------------------------
     0 | D:1      | Cheops the Deep Elf Conjurer began the quest for the Orb.
     0 | D:1      | Reached XP level 1. HP: 10/10 MP: 6/6
   163 | D:1      | Reached XP level 2. HP: 15/15 MP: 6/8
   166 | D:1      | Learned a level 2 spell: Searing Ray
   203 | D:1      | Reached skill level 5 in Conjurations
   475 | D:1      | Reached XP level 3. HP: 12/19 MP: 3/9
  1400 | D:2      | Found a faded altar of an unknown god.
  1478 | D:2      | Reached XP level 4. HP: 24/24 MP: 7/11
  1483 | D:2      | Learned a level 4 spell: Fulminant Prism
  2387 | D:3      | Noticed Natasha
  2398 | D:3      | Killed Natasha
  2462 | D:3      | Noticed Natasha
  2467 | D:3      | Killed Natasha
  2468 | D:3      | Reached XP level 5. HP: 21/28 MP: 8/14
  2506 | D:2      | Learned a level 4 spell: Iskenderun's Mystic Blast
  2660 | D:3      | Noticed Natasha
  2662 | D:3      | Killed Natasha
  2663 | D:3      | Reached skill level 1 in Armour
  2663 | D:3      | Reached skill level 5 in Spellcasting
  3171 | D:2      | Learned a level 3 spell: Dazzling Flash
  3888 | D:2      | Found a faded altar of an unknown god.
  5383 | D:4      | Found a hazy altar of Hepliaklqana.
  5619 | D:4      | Reached XP level 6. HP: 32/32 MP: 8/15
  5839 | D:4      | Reached skill level 2 in Hexes
  6048 | D:4      | Reached skill level 3 in Hexes
  6373 | D:4      | Found a hazy altar of Hepliaklqana.
  7033 | D:5      | Entered Level 5 of the Dungeon
  7064 | D:5      | Identified the +5 spear of Nudodeci {freeze, rElec rC+}
  7079 | D:5      | Reached skill level 4 in Hexes
  7174 | D:5      | Noticed Ijyb
  7183 | D:5      | Killed Ijyb
  7184 | D:5      | Reached XP level 7. HP: 36/36 MP: 4/16
  7334 | D:5      | Reached skill level 5 in Hexes
  7556 | D:5      | Identified the ring "Win Himp" {Fly rF++}
  7665 | D:5      | Reached skill level 6 in Hexes
  7782 | D:5      | Found a staircase to the Ecumenical Temple.
  7789 | D:5      | Reached skill level 7 in Hexes
  7798 | Temple   | Entered the Ecumenical Temple
  8145 | D:5      | Found a radiant altar of Vehumet.
  8294 | D:5      | Found a staircase to the Ecumenical Temple.
  8534 | D:5      | Found a radiant altar of Vehumet.
  8836 | D:6      | Found a glowing drain.
  8864 | Sewer    | Entered a sewer
  9278 | Sewer    | Reached skill level 8 in Hexes
  9581 | Sewer    | Reached XP level 8. HP: 37/41 MP: 9/17
  9740 | D:6      | Reached skill level 9 in Hexes
  9960 | D:6      | Found a transporter.
  9998 | D:6      | Found a transporter.
 10045 | D:6      | Reached skill level 10 in Hexes
 10202 | D:6      | Reached skill level 1 in Translocations
 10577 | D:6      | Found a shimmering blue altar of Sif Muna.
 10637 | D:6      | Found a shadowy altar of Dithmenos.
 10809 | D:6      | Found a transporter.
 10854 | D:6      | Found a shadowy altar of Dithmenos.
 11056 | D:6      | Found a shimmering blue altar of Sif Muna.
 11243 | D:7      | Reached skill level 5 in Translocations
 11573 | D:6      | Found a transporter.
 11735 | D:6      | Found a transporter.
 11746 | D:6      | Found a shadowy altar of Dithmenos.
 11814 | D:6      | Found a shimmering blue altar of Sif Muna.
 11969 | D:7      | Reached XP level 9. HP: 45/45 MP: 12/18
 12336 | D:7      | Found a snail-covered altar of Cheibriados.
 12816 | D:7      | Reached skill level 1 in Evocations
 12974 | D:7      | Found Ennedaok's Mayhem Merchandise.
 14002 | D:7      | Found a snail-covered altar of Cheibriados.
 15384 | D:8      | Noticed Joseph
 15402 | D:8      | Joseph changed into Joseph the wolf
 15402 | D:8      | Noticed Joseph
 15406 | D:8      | Killed Joseph the wolf
 15552 | D:8      | Found a stormy altar of Qazlal.
 15553 | D:8      | Found a basalt altar of Yredelemnul.
 16028 | D:8      | Learned a level 3 spell: Mephitic Cloud
 16219 | D:9      | Noticed a two-headed ogre
 16231 | D:9      | Killed a two-headed ogre
 16232 | D:9      | Reached XP level 10. HP: 40/50 MP: 8/24
 16443 | D:9      | Found an iron altar of Okawaru.
 16631 | D:9      | Found a staircase to the Orcish Mines.
 17145 | D:9      | Found a staircase to the Orcish Mines.
 17372 | D:9      | Found an iron altar of Okawaru.
 17541 | D:10     | Entered Level 10 of the Dungeon
 17552 | D:10     | Reached skill level 1 in Air Magic
 17552 | D:10     | Reached skill level 1 in Poison Magic
 17660 | D:10     | Noticed a two-headed ogre
 17776 | D:10     | Killed a two-headed ogre
 18206 | D:10     | Reached skill level 5 in Dodging
 18349 | D:10     | Noticed an orange demon
 18718 | D:10     | Found a staircase to the Lair.
 18721 | D:10     | Reached XP level 11. HP: 54/54 MP: 13/25
 18909 | D:5      | Became a worshipper of Vehumet
 19159 | D:7      | Bought a book of Fire for 616 gold pieces
 19165 | D:7      | Learned a level 5 spell: Fireball
 19269 | Lair:1   | Entered Level 1 of the Lair of Beasts
 19314 | Lair:1   | Noticed Fannar
 19733 | Lair:1   | Found a runed translucent door.
 19843 | Lair:1   | Noticed a four-headed hydra
 19879 | Lair:1   | Killed a four-headed hydra
 20060 | Lair:1   | Reached skill level 5 in Fire Magic
 20338 | Lair:1   | Noticed an alligator
 20353 | Lair:1   | Slain by an alligator

Illustrated notes

Levels and vault maps discovered:
D:1:      ncdulo_wetmaze, layout_rooms
D:2:      layout_basic, hellmonk_ecumenical_altar_pennies_from_heaven
D:3:      layout_basic, uniq_natasha
D:4:      layout_basic, mainiacjoe_overflow_brackets, kennysheep_generic_room_15
D:5:      layout_rooms, vehumet_crystals, minmay_temple_entry_overgrown,
          minmay_checkerbox, uniq_ijyb
D:6:      layout_rooms, led_sif_pool, gammafunk_temple_overflow_arena,
          cheibrodos_sewer_entry_drain
D:7:      layout_layer_cave, slow_altar_1, columned_hall_lemuel,
          minmay_shop_mayhem
D:8:      layout_cave_pools, gammafunk_temple_overflow_statue, uniq_joseph
D:9:      layout_cave_pools, kennysheep_mini_moat, david_orc_1_choice
D:10:     layout_cave_pools, david_lair_shrubbed
Temple:   eino_temple_water
Lair:1:   layout_small_grid, hellmonk_ghost_happy_afterlife,
          nicolae_lair_lakeside_cave, serial_bayou_shore_b, lemuel_fruit_tree,
          uniq_fannar

Skill      XL: |  1  2  3  4  5  6  7  8  9 10 11 |
---------------+----------------------------------+-----
Conjurations   | 5 6 7 8 |  8.0
Spellcasting   | 4 5 8 |  8.0
Armour         | 2 3 |  3.1
Hexes          | 4 8 10 | 10.2
Translocations | 5 8 9 |  9.3
Evocations     | 4 |  4.0
Air Magic      | 3 |  3.0
Poison Magic   | 4 |  4.0
Dodging        | 6 7 |  7.0
Fire Magic     | 6 |  6.0
Stealth        | |  2.4

Action                     |  1- 3 |  4- 6 |  7- 9 | 10-12 || total
---------------------------+-------+-------+-------+-------++-------
  Melee: Unarmed           |    24 |       |       |       ||    24
         Dagger            |       |       |     5 |       ||     5
   Cast: Magic Dart        |    69 |    35 |   148 |    29 ||   281
         Searing Ray       |     5 |    26 |    71 |    42 ||   144
         Dazzling Flash    |       |     1 |     3 |     1 ||     5
         Iskenderun's Myst |       |       |    16 |    21 ||    37
         Fulminant Prism   |       |       |     8 |    13 ||    21
         Mephitic Cloud    |       |       |       |     6 ||     6
         Fireball          |       |       |       |     1 ||     1
  Evoke: Wand              |       |       |     5 |     2 ||     7
    Use: Scroll            |       |       |     9 |     7 ||    16
 Armour: Robe              |     9 |       |       |     1 ||    10
         Troll leather arm |       |     6 |    38 |     2 ||    46
  Dodge: Dodged            |    35 |    14 |    75 |    30 ||   154
